 Dungeon Crawl Stone Soup version 0.21-a0-344-g2144152 (webtiles) character file.

121 tidbits the Covert (level 4, 19/19 HPs)
             Began as a Felid Transmuter on Oct 4, 2017.
             Quit the game on level 4 of the Dungeon.
             The game lasted 00:07:20 (1076 turns).

tidbits the Covert (Felid Transmuter)               Turns: 1076, Time: 00:07:21

Health: 19/19      AC:  1    Str:  6    XL:     4   Next: 76%
Magic:  8/8        EV: 18    Int: 15    God:
Gold:   73         SH:  0    Dex: 17    Spells: 4/7 levels left
                                        Lives:  0   Deaths: 1

rFire    . . .     SeeInvis +     - Unarmed
rCold    . . .     Gourm    .   (shield unavailable)
rNeg     . . .     Faith    .   (armour unavailable)
rPois    .         Spirit   .   (helmet unavailable)
rElec    .         Reflect  .   (cloak unavailable)
rCorr    .         Harm     .   (gloves unavailable)
MR       .....                  (boots unavailable)
Stlth    ++++......             (no amulet)
HPRegen  0.06/turn              (no ring)
MPRegen  0.11/turn              (no ring)

@: quick
A: no armour, no weapons or thrown items, stealth, claws 1, fangs 3, see
invisible, carnivore 3, speed 1, shaggy fur 1, slow metabolism 1, sharp paws
a: no special abilities


You were on level 4 of the Dungeon.
You were not hungry.

You visited 1 branch of the dungeon, and saw 5 of its levels.

You collected 73 gold pieces.

Inventory:

Scrolls
 h - a scroll of remove curse {unknown}
 i - a scroll of fear
 l - a scroll of teleportation {unknown}
 n - a scroll of recharging {unknown}
 o - a scroll of fog
 p - a scroll of amnesia {unknown}
 r - a scroll of magic mapping {unknown}
Potions
 f - 2 potions of magic
Books
 b - a book of Changes

   Spells                             Type                      Level
   a - Beastly Appendage              Transmutation                1
   b - Sticks to Snakes               Transmutation                2
   c - Spider Form                    Transmutation/Poison         3
   d - Ice Form                       Ice/Transmutation            4
   e - Blade Hands                    Transmutation                5
Comestibles
 c - 3 meat rations
 g - a royal jelly
 q - 4 chunks of flesh


   Skills:
 - Level 1.0 Fighting
 - Level 2.7 Dodging
 + Level 8.1 Stealth
 - Level 3.0 Unarmed Combat
 - Level 2.0 Spellcasting
 - Level 2.2 Transmutations


You had 4 spell levels left.
You knew the following spells:

 Your Spells              Type           Power        Failure   Level  Hunger
e - Beastly Appendage     Tmut           #.....       9%          1    #......
k - Sticks to Snakes      Tmut           #.......     13%         2    ###....


Dungeon Overview and Level Annotations

Branches:
Dungeon (5/15)
 Temple: D:4-7

Altars:
Gozag


Innate Abilities, Weirdness & Mutations

You cannot wear armour.
You are incapable of wielding weapons or throwing items.
Your paws allow you to move quietly. (Stealth)
You have sharp claws.
You have razor-sharp teeth.
You have supernaturally acute eyesight. (SInv)
You are carnivorous and can eat meat at any time.
You cover ground quickly.
You are covered in fur. (AC +1)
You have a slow metabolism.
Your sharp claws are effective at attacking unaware monsters.


Message History

Your adder bites the adder.
You miss the adder.
The adder is moderately wounded.
The adder misses you.
Your adder bites the adder.
The adder bites your adder.
You scratch the adder.
You kill the adder!
Your transformation is almost over.
You see here an adder corpse.
You butcher the adder corpse.
q - 3 chunks of flesh (gained 1)
You see here an adder skeleton.
An adder comes into view.
You pounce on the unaware helpless adder!
You mangle the adder!!
You kill the adder!
Your Stealth skill increases to level 8!
Your horns disappear.
You see here an adder corpse.
You butcher the adder corpse.
q - 4 chunks of flesh (gained 1)
You see here an adder skeleton.
You swap places.
Wield which item (- for none, * to show all)? (? for menu, Esc to quit)
You don't have any such object.
Wield which item (- for none, * to show all)? (? for menu, Esc to quit)
Wield which item (- for none, * to show all)? (? for menu, Esc to quit)
Okay, then.
Unable to wield swing item on slot a!
Wield which item (- for none, * to show all)? (? for menu, Esc to quit)
You don't have any such object.
Wield which item (- for none, * to show all)? (? for menu, Esc to quit)
Wield which item (- for none, * to show all)? (? for menu, Esc to quit)
You don't have any such object.
Wield which item (- for none, * to show all)? (? for menu, Esc to quit)
You don't have any such object.
Wield which item (- for none, * to show all)? (? for menu, Esc to quit)
You don't have any such object.
Wield which item (- for none, * to show all)? (? for menu, Esc to quit)
You don't have any such object.
Wield which item (- for none, * to show all)? (? for menu, Esc to quit)
Okay, then.
Unable to wield swing item on slot a!
Your adder withers and dies!
You see here an adder skeleton.
You open the door.
Found an opulent altar of Gozag.
There is an open door here.
There is an opulent altar of Gozag here.
You open the door.
There is an open door here.
Found 15 stones.
You feel a little less agile now.
You open the door.
Found 17 sling bullets.
There is an open door here.
A worker ant comes into view.
Casting: Sticks to Snakes
Confirm with . or Enter, or press ? or * to list all spells.
You grow a pair of large bovine horns.
The worker ant twitches its antennae in your direction.
An orc comes into view. It is wielding a dagger.
Casting: Beastly Appendage
Confirm with . or Enter, or press ? or * to list all spells.
You don't have anything to turn into a snake.
Unknown command.
It was a potion of invisibility.
You fade into invisibility!
The worker ant barely misses you. x2
You are very lightly contaminated with residual magic.
You scratch the worker ant.
You headbutt the worker ant, but do no damage.
The worker ant is moderately wounded.
The worker ant barely misses you.
You scratch the worker ant but do no damage.
The worker ant is moderately wounded.
You scratch the worker ant but do no damage.
You headbutt the worker ant.
The worker ant is moderately wounded.
The worker ant misses you. The orc closely misses you.
You completely miss the worker ant.
The worker ant is moderately wounded.
Your transformation is almost over.
The worker ant completely misses you.
You scratch the worker ant but do no damage.
The worker ant is moderately wounded.
The worker ant misses you. The orc misses you.
You scratch the worker ant. Your headbutt misses the worker ant.
The worker ant is heavily wounded.
The orc hits you with a dagger.
* * * LOW HITPOINT WARNING * * *
The worker ant bites you but does no damage.
You scratch the worker ant but do no damage.
The worker ant is heavily wounded.
The orc hits you with a dagger.
You die...
Your shape twists and changes as you die.
You are now level 4!
Your horns disappear.
You rejoin the land of the living...
Are you sure you want to abandon this character and quit the game? (Confirm with "yes".)

#..# #........(.
.### #÷.#
#.......... #..#
##..........
#..###..........
#..#........#..
#..#..#'#...#.#
##.#..#_#...#.#
#.#..#'#...#.#
#.#........#@#
#.#........#.#
#÷#........#.#
#>.........#.#
#######'####.#
########.# #.#
.........# #.#
.........# #.#
........(#


There were no monsters in sight!

Vanquished Creatures
  A howler monkey (D:4)
  A hound (D:4)
  A bullfrog skeleton (D:4)
  An iguana (D:4)
  3 worker ants (D:4)
  3 adders
  A worm (D:4)
  4 dart slugs (D:1)
  2 leopard geckos
  2 orcs (D:4)
  4 giant cockroaches
  A goblin (D:1)
  2 hobgoblins
  3 jackals (D:4)
  A quokka (D:2)
  A ball python (D:1)
  4 bats
  2 frilled lizards (D:1)
  3 kobolds
  A leopard gecko skeleton (D:4)
  5 rats
46 creatures vanquished.

Vanquished Creatures (collateral kills)
  A bat (D:1)
1 creature vanquished.

Grand Total: 47 creatures vanquished

Notes
Turn   | Place    | Note
-------+----------+-------------------------------------------
     0 | D:1      | tidbits the Felid Transmuter began the quest for the Orb.
     0 | D:1      | Reached XP level 1. HP: 9/9 MP: 4/4
   145 | D:1      | Reached skill level 1 in Stealth
   246 | D:1      | Reached skill level 2 in Stealth
   246 | D:1      | Reached XP level 2. HP: 10/12 MP: 4/6
   250 | D:1      | Learned a level 2 spell: Sticks to Snakes
   385 | D:2      | Reached skill level 3 in Stealth
   436 | D:1      | Reached XP level 3. HP: 5/15 MP: 4/7
   573 | D:3      | Reached skill level 4 in Stealth
   625 | D:4      | Reached skill level 5 in Stealth
   732 | D:4      | Reached XP level 4. HP: 13/19 MP: 6/8
   784 | D:4      | HP: 1/19 [iguana (5)]
   869 | D:4      | Reached skill level 6 in Stealth
   887 | D:4      | Reached XP level 5. HP: 9/22 MP: 9/9
   897 | D:4      | Reached skill level 7 in Stealth
   937 | D:4      | HP: 2/22 [worker ant (3)]
   962 | D:5      | Entered Level 5 of the Dungeon
  1019 | D:4      | Reached skill level 8 in Stealth
  1045 | D:4      | Found an opulent altar of Gozag.
  1075 | D:4      | Slain by an orc
  1076 | D:4      | Reached XP level 4. HP: -1/19 MP: 8/8
  1076 | D:4      | Quit the game

Vault maps used:
D:1:      dpeg_arrival_snail
D:2:      lemuel_zombie_altar_kikubaaqudgha, first_bread, tgw_kikubaaqudgha
D:4:      minmay_diamond_boxcup, nicolae_tso_swordbearing_angel,
          kennysheep_mini_moat
D:5:      lemuel_coloured_pillars_altar, gammafunk_temple_overflow_wave,
          minmay_temple_entry_grid, uniq_sigmund, uniq_menkaure, uniq_edmund

Skill      XL: |  1  2  3  4  5 |
---------------+----------------+-----
Stealth        | 2 3 5 6 8 |  8.1
Fighting       | |  1.0
Dodging        | |  2.7
Unarmed Combat | |  3.0
Spellcasting   | |  2.0
Transmutations | |  2.2

Action                   |  1- 3 |  4- 6 || total
-------------------------+-------+-------++-------
Melee: Unarmed           |    71 |    47 ||   118
       Bite              |     4 |     5 ||     9
       Headbutt          |     9 |     4 ||    13
 Cast: Beastly Appendage |    14 |     8 ||    22
       Sticks to Snakes  |     4 |     8 ||    12
  Use: Potion            |     1 |     4 ||     5
       Scroll            |       |     5 ||     5
 Stab: Sleeping          |    10 |     5 ||    15
       Distracted        |     1 |       ||     1
  Eat: Chunk             |     6 |     2 ||     8
Armor: Skin              |     3 |     1 ||     4
Dodge: Dodged            |    40 |    60 ||   100

Table legend:
 A = Spawn XP
 B = Non-spawn XP
 C = Spawn XP percentage of total XP
 D = Spawn monster count
 E = Non-spawn monster count
 F = Spawn count percentage of total count
 G = Total turns spent on level
                    A         B        C        D         E        F      G
               +---------+---------+-------+---------+---------+-------+---------
         Total |       0 |     339 |   0.0 |       0 |      47 |   0.0 |  1076
               +---------+---------+-------+---------+---------+-------+---------
           D:1 |       0 |      42 |   0.0 |       0 |      23 |   0.0 |   464
           D:2 |       0 |       8 |   0.0 |       0 |       5 |   0.0 |    94
           D:3 |       0 |       1 |   0.0 |       0 |       1 |   0.0 |    19
           D:4 |       0 |     276 |   0.0 |       0 |      17 |   0.0 |   462
           D:5 |       0 |      12 |   0.0 |       0 |       1 |   0.0 |    37
               +---------+---------+-------+---------+---------+-------+---------

Table legend:
 A = Turns spent in this place as a percentage of turns spent in the entire game.
 B = Non-inter-level travel turns spent in this place as a percentage of non-inter-level travel turns spent in the entire game.
 C = Inter-level travel turns spent in this place as a percentage of turns spent in this place.
 D = Turns resting spent in this place as a percentage of non-inter-level travel turns spent in this place.
 E = Turns spent auto-exploring this place as a percentage of non-inter-level travel turns spent in this place.
 F = Non-inter-level travel turns spent in this place divided by the number of levels of this place that you've seen.
                   A       B       C       D       E      F
               +-------+-------+-------+-------+-------+----------------------
         Total | 100.0 | 100.0 |   1.9 |   0.2 |   0.0 | 211.2
       Dungeon | 100.0 | 100.0 |   1.9 |   0.2 |   0.0 | 211.2
               +-------+-------+-------+-------+-------+----------------------

Table legend:
 A = Kills in this place as a percentage of kills in entire the game.
 B = Kills by you in this place as a percentage of kills by you in the entire game.
 C = Kills by friends in this place as a percentage of kills by friends in the entire game.
 D = Other kills in this place as a percentage of other kills in the entire game.
 E = Experience gained in this place as a percentage of experience gained in the entire game.
 F = Experience gained in this place divided by the number of levels of this place that you have seen.
                   A       B       C       D       E      F
               +-------+-------+-------+-------+-------+----------------------
         Total | 100.0 | 100.0 | 100.0 |   N/A | 100.0 |  67.8
       Dungeon | 100.0 | 100.0 | 100.0 |   N/A | 100.0 |  67.8
               +-------+-------+-------+-------+-------+----------------------

Vault maps used:
D:1:      dpeg_arrival_snail
D:2:      lemuel_zombie_altar_kikubaaqudgha, first_bread, tgw_kikubaaqudgha
D:4:      minmay_diamond_boxcup, nicolae_tso_swordbearing_angel,
          kennysheep_mini_moat
D:5:      lemuel_coloured_pillars_altar, gammafunk_temple_overflow_wave,
          minmay_temple_entry_grid, uniq_sigmund, uniq_menkaure, uniq_edmund
